 Dungeon Crawl Stone Soup version 0.26.1-11-gd32895ea62 (webtiles) character file.

Game seed: 17901318712248738205

31599 dtburroughs the Fighter (level 13, -3/178 HPs)
             Began as a Minotaur Berserker on June 13, 2021.
             Was a High Priest of Trog.
             Slain by Rupert
             ... wielding a +2 vampiric great sword
              (26 damage)
             ... on level 5 of the Lair of Beasts.
             The game lasted 00:43:43 (20668 turns).

dtburroughs the Fighter (Minotaur Berserker)       Turns: 20668, Time: 00:43:44

Health: -3/178     AC: 22    Str: 28    XL:     13   Next: 26%
Magic:  21/21      EV: 10    Int:  8    God:    Trog [*****.]
Gold:   892        SH: 19    Dex: 11    Spells: 12/12 levels left

rFire    . . .     SeeInvis .   T - +0 broad axe
rCold    . . .     Faith    .   A - +0 tower shield
rNeg     . . .     Spirit   .   v - +0 plate armour
rPois    .         Reflect  .   (helmet restricted)
rElec    .         Harm     .   f - +0 cloak
rCorr    .         Rampage  .   w - +1 pair of gloves
Will     .....                  z - +1 pair of boots
Stlth    ..........             (no amulet)
HPRegen  0.39/turn              I - ring of magical power
MPRegen  0.17/turn              J - +6 ring of strength

@: berserking, very quick
A: retaliatory headbutt, horns 2
a: Renounce Religion, Berserk, Trog's Hand, Brothers in Arms


You were on level 5 of the Lair of Beasts.
You worshipped Trog.
Trog was extremely pleased with you.
You visited 2 branches of the dungeon, and saw 15 of its levels.

You collected 892 gold pieces.

Inventory:

Hand Weapons
 a - a +2 war axe
 k - a +0 battleaxe
 u - a +2 flail of venom
 K - a +1 morningstar
 T - a +0 broad axe (weapon)
Missiles
 H - 8 silver javelins
Armour
 f - a +0 cloak (worn)
 v - a +0 plate armour (worn)
 w - a +1 pair of gloves (worn)
 z - a +1 pair of boots (worn)
 A - a +0 tower shield (worn)
 W - a +2 buckler
Jewellery
 i - an uncursed amulet of magic regeneration
 I - a ring of magical power (left hand)
 J - a +6 ring of strength (right hand)
 S - an uncursed ring of ice
Wands
 p - a wand of digging (5)
 C - a wand of random effects (43)
 M - a wand of polymorph (5)
 O - a wand of enslavement (9)
 Q - a wand of flame (12)
Scrolls
 b - 9 scrolls of remove curse
 c - 5 scrolls of teleportation {unknown}
 d - 2 scrolls of fog
 g - 4 scrolls of enchant armour {unknown}
 s - a scroll of fear {unknown}
 t - 4 scrolls of immolation
 x - 3 scrolls of enchant weapon {unknown}
 y - a scroll of blinking
 B - 4 scrolls of vulnerability {unknown}
 D - 3 scrolls of magic mapping {unknown}
 P - 2 scrolls of silence {unknown}
 R - a scroll of noise {unknown}
 U - 2 scrolls of identify
Potions
 e - 3 potions of might
 h - a potion of ambrosia {unknown}
 j - 3 potions of heal wounds
 l - 5 potions of curing
 m - 3 potions of flight {unknown}
 o - 3 potions of degeneration {unknown}
 q - a potion of cancellation
 r - 4 potions of lignification {unknown}
 F - 5 potions of haste {unknown}
 G - 3 potions of brilliance {unknown}
 L - 2 potions of magic {unknown}
 N - 2 potions of resistance {unknown}
 V - a potion of attraction {unknown}
 X - a potion of berserk rage {unknown}
Miscellaneous
 n - a box of beasts


   Skills:
 + Level 12.7 Fighting
 + Level 12.6 Axes
 + Level 12.4 Armour
 + Level 11.4 Dodging
 + Level 11.5 Shields


You had 12 spell levels left.
You didn't know any spells.
Your spell library was empty.

Dungeon Overview and Level Annotations

Branches:
Dungeon (10/15)            Temple (0/1) D:5            Lair (5/6) D:9
  Swamp (0/4) Lair:4       Spider (0/4) Lair:4          Orc (0/2) D:10
  Slime: Lair:5-6

Altars:
Cheibriados
Gozag
Makhleb
Okawaru
Trog
Uskayaw
Vehumet
Xom
The Shining One
Beogh

Shops:
D:6 [*[:?

Annotations:
D:5 3 runed translucent doors, nothank2's ghost, novice SpEn
D:8 3 runed translucent doors
Lair:5 Rupert


Innate Abilities, Weirdness & Mutations

You reflexively headbutt those who attack you in melee.
You have a pair of horns on your head.


Message History

You hear an angry hiss.
You hear a shout!
You block something's attack. You block something's attack.
You hit something. You block something's attack.
You miss something. You headbutt something! Something hits you!!
You block something's attack.
You closely miss something. Something hits you!
You closely miss something. You headbutt something. Something hits you!
You hit something but do no damage. Your headbutt misses something.
Something hits you!!
You hit something but do no damage. Your headbutt misses something.
Something hits you!!
* * * LOW HITPOINT WARNING * * *
Something hits you.
* * * LOW HITPOINT WARNING * * *
You slice something!! Something hits you but does no damage.
A red film seems to cover your vision as you go berserk!
You feel yourself moving faster!
You feel mighty! Something hits you!!
You die...

.... ..........# ..... .....
......... #.... ..... ......#
##... ...... #P..P# ###....
...P..##...## #####.#....
......†.....# ####..........
....!......######P##..........
............##..P.###.P.P#..#.
..#....P....{@#P...#..#P##....
......P....##......#P.###P..##
...#..................##.....#
......#............#...##....#
....[......................###
.....P#...........P.......#
....##(....#.............# ..
#....#.#.........P.#.
.#....#....##...


There were no monsters in sight!

Vanquished Creatures
  Nessos (Lair:5)
  Fannar (Lair:3)
  A hydra (Lair:3)
  A two-headed ogre (D:10)
  Nergalle (Lair:3)
  Pikel (D:8)
  A necromancer (D:10)
  7 elephants
  A gargoyle (D:7)
  6 cane toads
  8 komodo dragons
  A rime drake (Lair:4)
  2 tyrant leeches (Lair:4)
  2 jumping spiders (Lair:4)
  Grinder (D:6)
  4 polar bears
  12 blink frogs (Lair:3)
  Prince Ribbit (D:7)
  4 redbacks (Lair:4)
  A wraith (D:10)
  40 yaks
  4 wyverns
  A basilisk (Lair:4)
  2 swamp worms (Lair:4)
  2 wargs
  Edmund (D:6)
  12 water moccasins
  Duvessa (D:7)
  3 orc warriors
  4 black bears
  3 sky beasts
  A necrophage (D:8)
  4 ogres
  2 phantoms
  3 lemures (D:8)
  12 wolves (Lair:4)
  3 centaurs
  Blork the orc (D:6)
  A gnoll sergeant (D:9)
  9 bullfrogs
  Dowan (D:7)
  4 scorpions
  7 wights
  4 howler monkeys
  2 electric eels
  A bullfrog zombie (D:7)
  A jelly (D:7)
  2 orc priests
  4 hounds
  Crazy Yiuf (D:6)
  A bullfrog skeleton (D:9)
  A gnoll shaman (D:6)
  5 orc wizards
  Jessica (D:2)
  2 iguanas
  3 worker ants
  3 yak simulacra (D:10)
  5 polar bear simulacra (D:10)
  A wolf simulacrum (D:10)
  2 hound zombies (D:8)
  A worker ant zombie (D:6)
  11 gnolls
  8 adders
  2 shadow imps
  A white imp (D:6)
  An ooze (D:2)
  An adder zombie (D:7)
  An adder skeleton (D:6)
  5 worms
  5 dart slugs
  5 leopard geckos
  36 orcs
  A ball python (D:6)
  5 bats
  2 giant cockroaches
  12 goblins
  6 hobgoblins
  16 jackals
  3 quokkas
  3 frilled lizards
  A jackal skeleton (D:8)
  8 kobolds
  A leopard gecko skeleton (D:6)
  8 rats
  2 river rat simulacra (D:10)
362 creatures vanquished.

Vanquished Creatures (collateral kills)
  A hydra (Lair:3)
  A boulder beetle (Lair:3)
  Psyche (D:10)
  Maggie (Lair:2)
  A basilisk (Lair:2)
  A bullfrog (Lair:3)
  An orc wizard (D:10)
7 creatures vanquished.

Vanquished Creatures (others)
  A fire vortex (Lair:4)
  51 fungi
  241 plants
293 creatures vanquished.

Grand Total: 662 creatures vanquished

Notes
Turn   | Place    | Note
-------+----------+-------------------------------------------
     0 | D:1      | dtburroughs the Minotaur Berserker began the quest for the
                  | Orb.
     0 | D:1      | Reached XP level 1. HP: 19/19 MP: 0/0
    11 | D:1      | You fall into a shaft and drop 1 floor!
   722 | D:1      | Reached XP level 2. HP: 12/27 MP: 1/1
  1573 | D:1      | Reached XP level 3. HP: 27/33 MP: 2/2
  2235 | D:2      | Noticed Jessica
  3048 | D:2      | Reached ** piety under Trog
  3063 | D:2      | Reached XP level 4. HP: 39/41 MP: 3/3
  3177 | D:2      | Killed Jessica
  3448 | D:2      | Reached XP level 5. HP: 30/47 MP: 4/4
  3891 | D:3      | Reached skill level 5 in Fighting
  3980 | D:3      | You fall into a shaft and drop 2 floors!
  3980 | D:5      | Entered Level 5 of the Dungeon
  3980 | D:5      | Noticed a centaur
  3993 | D:5      | Killed a centaur
  3994 | D:5      | Reached skill level 5 in Axes
  3994 | D:5      | Reached XP level 6. HP: 13/56 MP: 5/5
  4301 | D:5      | Found a runed translucent gate.
  4301 | D:5      | Noticed nothank2's ghost (novice SpEn)
  4301 | D:5      | Identified the +5 quarterstaff "Wyihor" {speed, +Inv rF+
                  | Int+3 Dex+2}
  4301 | D:5      | Noticed an orc warrior
  4302 | D:5      | Identified the +10 dagger of Fee Simple {pain, Int+3}
  4302 | D:5      | Identified the +1 leather armour of Horrueb {Str+2 Dex+6}
  4323 | D:5      | Found a staircase to the Ecumenical Temple.
  4756 | D:3      | Found a faded altar of an unknown god.
  5106 | D:4      | Reached *** piety under Trog
  5339 | D:4      | Reached skill level 5 in Armour
  5339 | D:4      | Reached XP level 7. HP: 62/62 MP: 6/6
  5360 | D:4      | Reached skill level 1 in Shields
  5953 | D:5      | Found a runed translucent gate.
  5967 | D:5      | Found a runed translucent gate.
  6181 | D:5      | Found a shimmering altar of Xom.
  6295 | D:5      | Got a jewelled chain mail
  6539 | D:5      | Found a roughly hewn altar of Beogh.
  6659 | D:6      | Found Viobede's Assorted Antiques.
  6665 | D:6      | Noticed Edmund
  6694 | D:6      | Killed Edmund
  6826 | D:6      | Reached skill level 5 in Dodging
  6882 | D:6      | Found Quraavva's Antique Armour Emporium.
  6945 | D:6      | Noticed Blork the orc
  6963 | D:6      | Killed Blork the orc
  6972 | D:6      | Found a runed translucent door.
  6973 | D:6      | Noticed Crazy Yiuf
  7029 | D:6      | Found Ditah's Armour Shop.
  7105 | D:6      | Reached XP level 8. HP: 71/71 MP: 7/7
  7259 | D:6      | Found Jeloq's Book Emporium.
  7261 | D:6      | Noticed Grinder
  7278 | D:6      | Killed Grinder
  7936 | D:6      | Found Inawn's Magic Scroll Boutique.
  8028 | D:6      | Killed Crazy Yiuf
  8270 | D:7      | Reached XP level 9. HP: 58/79 MP: 8/8
  8521 | D:7      | Found a burning altar of Makhleb.
  8662 | D:7      | Noticed a gargoyle
  8687 | D:7      | Killed a gargoyle
  8688 | D:7      | Reached skill level 5 in Shields
  8898 | D:7      | Noticed Duvessa
  8898 | D:7      | Noticed Dowan
  8910 | D:7      | Killed Duvessa
  8915 | D:7      | Killed Dowan
  9155 | D:7      | Noticed Prince Ribbit
  9167 | D:7      | Killed Prince Ribbit
  9436 | D:7      | Found a snail-covered altar of Cheibriados.
  9436 | D:7      | Found a hide-covered altar of Uskayaw.
  9449 | D:8      | Noticed Pikel
  9462 | D:8      | Killed Pikel
 10168 | D:8      | Reached XP level 10. HP: 90/90 MP: 9/9
 10188 | D:8      | Reached **** piety under Trog
 10288 | D:8      | Noticed a red ugly thing
 10289 | D:8      | Found a runed translucent gate.
 10289 | D:8      | Noticed a cyan ugly thing
 10291 | D:8      | Noticed a red ugly thing
 10291 | D:8      | Noticed a brown ugly thing
 10292 | D:8      | Found a runed translucent gate.
 10294 | D:8      | Found a runed translucent gate.
 10870 | D:9      | Found an iron altar of Okawaru.
 11373 | D:9      | Found a staircase to the Lair.
 11565 | D:9      | Found a glowing golden altar of the Shining One.
 11569 | D:9      | Found an opulent altar of Gozag.
 11698 | D:9      | Found a bloodstained altar of Trog.
 11698 | D:9      | Found a radiant altar of Vehumet.
 11923 | D:10     | Entered Level 10 of the Dungeon
 11937 | D:10     | Noticed Psyche
 12170 | D:10     | Found a staircase to the Orcish Mines.
 12173 | D:10     | Killed Psyche
 12269 | D:10     | Noticed a two-headed ogre
 12294 | D:10     | Killed a two-headed ogre
 12694 | D:10     | Noticed a necromancer
 12722 | D:10     | Killed a necromancer
 12723 | D:10     | Reached skill level 10 in Fighting
 12991 | D:10     | Reached skill level 10 in Axes
 12997 | D:10     | Reached XP level 11. HP: 99/99 MP: 10/10
 13152 | D:10     | Identified the +2 chain mail of the Worm {Int+3} (You found
                  | it on level 5 of the Dungeon)
 13192 | Lair:1   | Entered Level 1 of the Lair of Beasts
 14458 | Lair:2   | Reached skill level 10 in Armour
 14736 | Lair:2   | Noticed Maggie
 14742 | Lair:2   | Killed Maggie
 15883 | Lair:3   | Noticed Nergalle
 15883 | Lair:3   | Noticed a boulder beetle
 15888 | Lair:3   | Killed Nergalle
 15948 | Lair:3   | Killed a boulder beetle
 16438 | Lair:3   | Reached skill level 10 in Dodging
 16438 | Lair:3   | Reached XP level 12. HP: 102/110 MP: 11/11
 16604 | Lair:3   | Noticed Fannar
 16614 | Lair:3   | Reached skill level 10 in Shields
 16640 | Lair:3   | Killed Fannar
 17849 | Lair:4   | Reached ***** piety under Trog
 18012 | Lair:4   | Noticed an eight-headed hydra
 18075 | Lair:3   | Killed an eight-headed hydra
 18506 | Lair:4   | Found a staircase to the Swamp.
 18993 | Lair:4   | Found a hole to the Spider Nest.
 19404 | Lair:4   | Noticed a seven-headed hydra
 19430 | Lair:3   | Killed a seven-headed hydra
 19639 | Lair:4   | Reached XP level 13. HP: 118/119 MP: 12/12
 20330 | Lair:5   | Noticed Nessos
 20335 | Lair:5   | Killed Nessos
 20650 | Lair:5   | Noticed Rupert
 20668 | Lair:5   | Slain by Rupert

Illustrated notes

Levels and vault maps discovered:
D:1:      roderic_crop_circles_arrival_small, layout_basic
D:2:      layout_rooms, minmay_misc_feat_four_crosses, uniq_jessica
D:3:      layout_rooms, chequers_ecumenical_altar_grove, chequers_jeans,
          st_stairs_12
D:4:      minmay_skewed_foursquare, layout_basic
D:5:      layout_loops_cross, minmay_temple_entry_ruins, basic_altar,
          biasface_ghost_orc_armoury
D:6:      layout_basic, serial_shops, shop, shop, nicolae_shop_stone, shop,
          shop, uniq_edmund, uniq_crazy_yiuf_cottage, uniq_blork_the_orc,
          uniq_grinder
D:7:      layout_basic, gammafunk_temple_overflow_wave, bloody_makhleb,
          uniq_prince_ribbit1, uniq_duvessa
D:8:      layout_loops_corners, ploomutoo_gammafunk_ghost_potion_laboratory,
          uniq_pikel
D:9:      layout_basic, grunt_temple_overflow_open, due_lair_maze_entry_diamond,
          okawaru_gym_becter
D:10:     layout_rooms, david_orc_3, eino_house_with_fridge, uniq_psyche
Lair:1:   layout_roguey, st_stairs_13, minivault_27, grunt_megastairs_5
Lair:2:   layout_cave_shapes, minivault_26, infiniplex_staircase_pool,
          uniq_maggie
Lair:3:   layout_cave_pods, chequers_serial_rivers_micro_a,
          infiniplex_staircase_pool_2, lemuel_fruit_tree, serial_bayou_shore_a,
          lemuel_fruit_fields, uniq_fannar, uniq_nergalle
Lair:4:   layout_gridlike, minmay_swamp_entry_worms,
          nicolae_spider_entry_tight_spaces, beast_lair_carwin_7,
          grunt_megastairs_1
Lair:5:   layout_gridlike, minmay_slime_entry_oklob_open, uniq_nessos,
          uniq_rupert

Skill      XL: |  1  2  3  4  5  6  7  8  9 10 11 12 |
---------------+-------------------------------------+-----
Axes           | 4 5 6 7 8 10 11 12 | 12.6
Fighting       | 4 5 6 7 8 10 11 12 | 12.7
Armour         | 3 4 5 7 8 9 10 12 | 12.4
Dodging        | 3 4 5 6 7 8 10 11 | 11.4
Shields        | 2 4 6 8 9 11 | 11.5

Action                   |  1- 3 |  4- 6 |  7- 9 | 10-12 | 13-15 || total
-------------------------+-------+-------+-------+-------+-------++-------
Melee: Hand axe          |   227 |   167 |   116 |       |       ||   510
       Headbutt          |    70 |    28 |    63 |   193 |    28 ||   382
       Battleaxe         |       |       |    63 |       |       ||    63
       War axe           |       |       |   161 |   677 |       ||   838
       Morningstar       |       |       |       |    60 |       ||    60
       Broad axe         |       |       |       |    32 |    84 ||   116
       Flail             |       |       |       |    13 |       ||    13
Invok: Trog's Hand       |       |     1 |     6 |     6 |       ||    13
       Berserk           |       |       |     1 |     1 |     1 ||     3
       Brothers in Arms  |       |       |       |     5 |       ||     5
Evoke: Wand              |       |       |       |    12 |     6 ||    18
  Use: Scroll            |       |       |     3 |     7 |       ||    10
Armor: Animal skin       |    11 |       |       |       |       ||    11
       Chain mail        |    18 |    61 |       |       |       ||    79
       Plate armour      |       |    44 |   193 |   289 |    38 ||   564
Dodge: Dodged            |    67 |    82 |    55 |   147 |    34 ||   385
Block: Kite shield       |       |    12 |       |       |       ||    12
       Tower shield      |       |    11 |   182 |   730 |   100 ||  1023
